 Dungeon Crawl Stone Soup version 0.31.0-32-g396128a36d (webtiles) character file.

Game seed: 16131761527458215897

162538 firemarshallily the Devastator (level 17, -15/138 HPs)
             Began as a Demonspawn Conjurer on Mar 31, 2024.
             Was an Initiate of Gozag.
             Demolished by an apis (26 damage)
             ... on level 4 of the Shoals on Apr 3, 2024.
             The game lasted 02:17:55 (36323 turns).

firemarshallily the Devastator (DsCj)              Turns: 36323, Time: 02:17:56

Health: -15/138    AC: 13    Str: 16    XL:     17   Next: 22%
Magic:  0/39       EV: 17    Int: 24    God:    Gozag
Gold:   6215       SH:  8    Dex: 19    Spells: 20/52 levels left

rFire   + . .        T - +9 triple sword "Diats" {venom, Str+6 SInv}
rCold   . . .        (shield currently unavailable)
rNeg    . . .        U - +3 leather armour {rF+}
rPois   .            t - +2 helmet
rElec   .            (cloak unavailable)
rCorr   .            g - +2 pair of gloves
SInv    +            L - +0 pair of boots of Valour {Int+3}
Will    +....        Y - amulet "Hoxyl" {Acrobat Dex+4}
Stlth   ++           i - +5 ring of evasion
HPRegen 0.43/turn    p - ring of flight
MPRegen 0.52/turn

%: acrobat, guardian spirit
@: gold aura, flying
A: large bone plates 3, ignite blood 3, magic shield, magic regeneration,
weakness stinger 3
a: Renounce Religion, Potion Petition, Call Merchant, Bribe Branch


You were on level 4 of the Shoals.
You worshipped Gozag.
Gozag was greatly pleased with you.
You visited 5 branches of the dungeon, and saw 27 of its levels.
You also visited: Gauntlet and Ice Cave.

You collected 9490 gold pieces.
You spent 3120 gold pieces at shops.
You paid 155 gold pieces to Gozag.

Inventory:

Hand Weapons
 T - the +9 triple sword "Diats" (weapon) {venom, Str+6 SInv}
   (You found it on level 8 of the Dungeon)

   Str+6:     It affects your strength (+6).
   SInv:      It lets you see invisible.
Missiles
 A - a throwing net
Armour
 g - a +2 pair of gloves (worn)
 t - a +2 helmet (worn)
 L - the +0 pair of boots of Valour (worn) {Int+3}
   (You found it on level 7 of the Dungeon)

   Int+3:     It affects your intelligence (+3).
 N - a +0 leather armour of resistance
 U - a +3 leather armour of fire resistance (worn)
Jewellery
 a - a ring of positive energy
 d - a +6 ring of dexterity
 i - a +5 ring of evasion (left hand)
 p - a ring of flight (right hand)
 u - a ring of protection from cold
 P - a ring of wizardry
 S - a ring of willpower
 Y - the amulet "Hoxyl" (around neck) {Acrobat Dex+4}
   (You found it in an ice cave)

   [amulet of the acrobat]

   Acrobat:   It increases your evasion while moving and waiting.
   Dex+4:     It affects your dexterity (+4).
Wands
 s - a wand of polymorph (15)
 D - a wand of paralysis (20)
 G - a wand of digging (7)
Scrolls
 c - 15 scrolls of teleportation
 e - a scroll of vulnerability
 h - 7 scrolls of immolation
 l - 6 scrolls of fear
 q - a scroll of silence
 x - 3 scrolls of enchant armour
 y - 4 scrolls of fog
 B - 2 scrolls of summoning
 J - 4 scrolls of poison
 X - a scroll of torment
Potions
 b - 4 potions of brilliance
 f - 2 potions of lignification
 j - a potion of cancellation
 m - 6 potions of haste
 o - 3 potions of curing
 r - 2 potions of attraction
 v - 4 potions of might
 w - 3 potions of berserk rage
 z - a potion of ambrosia
 C - a potion of magic
 H - 7 potions of mutation
 M - 3 potions of resistance
 O - 2 potions of heal wounds
 Z - a potion of invisibility
Miscellaneous
 Q - a phantom mirror
 W - a phial of floods


   Skills:
 + Level 13.7 Fighting
 + Level 10.6 Long Blades
 - Level 1.7 Dodging
 - Level 1.7 Stealth
 * Level 18.0 Spellcasting
 * Level 18.4 Conjurations


You had 20 spell levels left.
You knew the following spells:

 Your Spells              Type           Power      Damage    Failure   Level
a - Magic Dart            Conj           100%       1d8       0%          1
b - Searing Ray           Conj           100%       2d8       0%          2
c - Fulminant Prism       Conj/Alch      30%        3d16      1%          4
d - Iskenderun's Mystic   Conj/Tloc      60%        2d13      1%          4
e - Iskenderun's Battles  Conj           83%        2d13      1%          5
f - Brom's Barrelling Bo  Conj/Erth      60%        2d8       1%          4
g - Fireball              Conj/Fire      30%        3d13      1%          5
h - Orb of Destruction    Conj           41%        9d11      1%          7

Your spell library contained the following spells:

 Spells                   Type           Power      Damage    Failure   Level
 Kiss of Death            Conj/Necr      100%       2d13      1%          1
 Necrotise                Necr           84%        1d8       2%          1
 Blink                    Tloc           42%        N/A       4%          2
 Call Imp                 Summ           42%        N/A       4%          2
 Cigotuvi's Dreadful Rot  Necr/Alch/Air  42%        N/A       4%          2
 Ensorcelled Hibernation  Hex/Ice        42%        N/A       4%          2
 Confusing Touch          Hex            21%        N/A       9%          3
 Frozen Ramparts          Ice            42%        1d7       9%          3
 Fugue of the Fallen      Necr           21%        N/A       9%          3
 Tukima's Dance           Hex            21%        N/A       9%          3
 Vampiric Draining        Necr           21%        2d7       9%          3
 Conjure Ball Lightning   Conj/Air       30%        3x3d10    10%         6
 Anguish                  Hex/Necr       10%        N/A       28%         4
 Animate Armour           Summ/Erth      42%        N/A       28%         4
 Dispel Undead            Necr           21%        3d11      28%         4
 Leda's Liquefaction      Alch/Erth      10%        N/A       28%         4
 Martyr's Knell           Necr/Summ      21%        N/A       28%         4
 Passage of Golubria      Tloc           21%        N/A       28%         4
 Petrify                  Alch/Erth      21%        N/A       28%         4
 Summon Lightning Spire   Summ/Air       21%        N/A       28%         4
 Alistair's Intoxication  Alch           14%        N/A       61%         5
 Borgnjor's Vile Clutch   Necr/Erth      10%        N/A       61%         5
 Curse of Agony           Necr           21%        N/A       61%         5
 Lee's Rapid Deconstruct  Erth           10%        3d8*      61%         5
 Metabolic Englaciation   Hex/Ice        10%        N/A       61%         5
 Yara's Violent Unravell  Hex/Alch       10%        3d6       61%         5
 Death Channel            Necr           10%        N/A       99%         6
 Eringya's Noxious Bog    Alch           10%        4d6       99%         6
 Animate Dead             Necr           Unusable   N/A       N/A         4

Dungeon Overview and Level Annotations

Branches:
Dungeon (15/15)            Temple (1/1) D:6            Lair (5/5) D:9
 Shoals (4/4) Lair:3       Spider (0/4) Lair:2        Slime (0/5) Lair:5
    Orc (2/2) D:11            Elf (0/3) Orc:2        Vaults (0/5) D:14
 Depths (0/4) D:15          IceCv (visited)         Gauntlet (visited)

Altars:
Ashenzari
Cheibriados
Dithmenos
Fedhas
Gozag
Hepliaklqana
Kikubaaqudgha
Makhleb
Nemelex Xobeh
Okawaru
Qazlal
Ru
Sif Muna
Trog
Uskayaw
Vehumet
Wu Jian
Xom
Yredelemnul

Shops:
D:1 :   D:4 **   D:5 *[:(   D:8 *   D:11 [!   Orc:2 ((*(

Portals:
Abyss: Lair:1

Annotations:
D:9 exclusion: obsidian statue
Lair:1 2 transporters, Valakon2's ghost, novice MiFi
Lair:5 1 runed translucent door


Innate Abilities, Weirdness & Mutations

You are completely covered in large bone plates. (SH +8)
Your demonic aura causes all spilled blood to erupt in flames.
When hurt, damage is shared between your health and your magic reserves.
You regenerate magic rapidly.
You have a sharp stinger which inflicts weakening toxins.


Message History

The merfolk javelineer throws a silver javelin.
The silver javelin pierces through you! The silver sears you!
The silver javelin pierces through the water elemental.
The apis gores you but does no damage. The yak gores you.
A wind drake comes into view.
The merfolk throws a boomerang.
The boomerang completely misses you.
The merfolk throws a boomerang.
The boomerang misses you. The water elemental hits you.
The water elemental engulfs you in water!
The merfolk javelineer throws a silver javelin.
The silver javelin pierces through you!!
The silver sears you!
The silver javelin pierces through the water elemental!
The merfolk is engulfed in blazing flames.
The apis gores you! The apis sears you!!
The yak is engulfed in blazing flames.
The yak gores you!
The merfolk shouts!
There is a stone staircase leading up, spattered with blood here.
Unknown command.
Your lungs strain for air!
You block the water elemental's attack.
The merfolk hits you from afar with a +0 spear!
The merfolk javelineer throws a silver javelin.
The silver javelin pierces through you!!
* * * LOW HITPOINT WARNING * * *
The silver sears you!
* * * LOW HITPOINT WARNING * * *
The silver javelin pierces through the water elemental!!
The water elemental is destroyed!
The water engulfing you falls away.
You gasp with relief as air once again reaches your lungs.
The merfolk hits you from afar with a +0 halberd!
* * * LOW HITPOINT WARNING * * *
The yak closely misses you.
The yak is engulfed in blazing flames.
The yak closely misses you.
The apis is engulfed in blazing flames.
The apis gores you!
* * * LOW HITPOINT WARNING * * *
The apis sears you!!
You die...
Your body crumbles into a pile of gold.

.........P.P.≈ #....mt..P....
....P...P.P~P~≈≈≈~.##......m...#.
........P.....≈≈≈~~.#.<.m.m..PP#~
..........#~.~≈≈≈..##.......$##?
#.......$##P~~≈~. P####....##..
#.....).$###m~~# ..~...~..~..~
#.........##~tm##..~~~P....~~§
##....m.$.##Y.Y~~≈≈≈≈~.~~P~≈≈≈
m...mE[<.##§@○m≈≈≈≈≈≈≈≈≈≈≈≈≈≈
##...mm$..##Y§$$~≈≈≈≈≈≈≈≈≈≈≈≈≈
#.....Am.m##~m[##.~~~≈≈≈≈≈≈.~.
#...$.m..###~~~# mk..~~k..~~..
#.......m##.~~~$~,m###...~..~..
....P....$#.m≈≈≈~~.##.###...###~
............(~≈≈≈m..#.<$.m.Y..
...P.....~m~.≈≈≈.~.##...mY....
P.......~~≈ ,#$.$$mm....


You could see an alligator snapping turtle, an apis, 2 merfolk impalers, a
merfolk javelineer, a wind drake (repels missiles), 3 merfolk and 2 yaks.

Vanquished Creatures
  A fire giant (D:15)
  An orc warlord (Orc:2)
  An ironbound preserver (D:14)
  A minotaur (Gauntlet)
  An entropy weaver (D:14)
  2 merfolk javelineers
  7 merfolk impalers
  4 ogre magi
  A catoblepas (Gauntlet)
  An alligator snapping turtle (Shoals:3)
  5 merfolk aquamancers
  A merfolk avatar (Lair:5)
  6 centaur warriors
  20 two-headed ogres
  2 boulder beetles
  3 satyrs
  4 tengu warriors
  7 death yaks
  3 orc high priests (Orc:2)
  4 skysharks
  Amaemon (Lair:2)
  5 skeletal warriors (D:14)
  A soul eater (Gauntlet)
  13 sea snakes
  2 deep trolls (Orc:2)
  2 bog bodies (IceCv)
  A deep elf archer (Orc:2)
  Pikel (D:8)
  18 harpies
  A necromancer (Lair:2)
  An orc knight (Orc:2)
  5 orc sorcerers
  3 deep elf pyromancers
  6 manticores
  A deep elf zephyrmancer (Orc:2)
  18 ugly things
  A moth of wrath (Gauntlet)
  8 cyclopes
  5 fauns
  3 meliai (D:14)
  30 elephants
  A kobold blastminer (Orc:2)
  A black mamba (shapeshifter) (D:13)
  10 merfolk sirens
  An ice statue (IceCv)
  3 water nymphs
  7 black mambas
  3 gargoyles
  17 cane toads
  6 molten gargoyles
  An unseen horror (D:13)
  An orange demon (Lair:2)
  6 rime drakes
  5 komodo dragons
  A kobold demonologist (D:9)
  An efreet (D:15)
  2 tengu conjurers (D:15)
  3 polar bears
  16 trolls
  3 wind drakes
  5 hornets
  24 merfolk
  3 snapping turtles
  10 dream sheep
  A jumping spider (Lair:2)
  31 slime creatures
  3 dire elephant simulacra (IceCv)
  4 wraiths
  42 yaks
  2 culicivoras (Lair:2)
  8 water elementals
  4 basilisks
  11 wyverns
  Eustachio (D:5)
  A redback (Lair:2)
  6 steam dragons
  7 wargs
  7 vampire mosquitoes
  Menkaure (D:5)
  A death yak simulacrum (IceCv)
  Edmund (D:6)
  4 acid dragons
  18 water moccasins
  Duvessa (D:5)
  16 orc warriors
  4 ice beasts
  2 laughing skulls (D:14)
  A black bear (Lair:3)
  25 ogres
  A sky beast (shapeshifter) (D:14)
  10 wolves
  17 centaurs
  3 lemures (D:8)
  3 kobold brigands
  18 bullfrogs
  4 gnoll sergeants
  4 scorpions
  2 cane toad simulacra (IceCv)
  6 two-headed ogre simulacra (IceCv)
  9 wights
  Dowan (D:5)
  A hornet simulacrum (D:15)
  4 elephant simulacra (IceCv)
  2 bombardier beetles (D:5)
  2 jellies
  3 gnoll boudas
  9 orc priests
  4 hounds
  A sleepcap (D:8)
  Jessica (D:3)
  4 iguanas
  Ijyb (D:5)
  18 orc wizards
  5 yak simulacra (Lair:2)
  5 polar bear simulacra (IceCv)
  A spriggan simulacrum (IceCv)
  7 troll simulacra (IceCv)
  5 wolf simulacra
  Robin (D:2)
  23 gnolls
  14 adders
  2 naga simulacra (IceCv)
  6 shadow imps
  7 white imps
  10 ufetubi
  A dart slug (D:2)
  2 ribbon worms
  61 orcs
  8 ball pythons
  3 bats
  10 endoplasms
  2 giant cockroaches
  20 goblins
  10 hobgoblins
  3 jackals (D:4)
  4 quokkas
  A frilled lizard (D:3)
  16 kobolds
  6 rats
  4 river rat simulacra (Lair:2)
  3 boulders
901 creatures vanquished.

Vanquished Creatures (collateral kills)
  15 boulders
15 creatures vanquished.

Vanquished Creatures (others)
  A merfolk aquamancer (Shoals:2)
  A merfolk (Shoals:2)
  A water elemental (Shoals:4)
  13 boulders
  37 fulminant prisms
53 creatures vanquished.

Grand Total: 969 creatures vanquished

Notes
Turn   | Place    | Note
-------+----------+-------------------------------------------
     0 | D:1      | firemarshallily the Demonspawn Conjurer began the quest for
                  | the Orb.
     0 | D:1      | Reached XP level 1. HP: 13/13 MP: 3/3
    16 | D:1      | Found Osaiptem's Book Boutique.
   337 | D:1      | Gained mutation: You are partially covered in large bone
                  | plates. (SH +4) [demonic ancestry]
   337 | D:1      | Reached XP level 2. HP: 20/20 MP: 3/5
   628 | D:1      | Found a faded altar of an unknown god.
  1158 | D:2      | Reached skill level 1 in Fighting
  1176 | D:2      | Learned a level 2 spell: Searing Ray
  1200 | D:2      | Gained mutation: You have a small tail. [demonic ancestry]
  1200 | D:2      | Reached XP level 3. HP: 24/26 MP: 5/7
  1772 | D:2      | Gained mutation: Your demonic aura sometimes causes spilled
                  | blood to erupt in flames. [demonic ancestry]
  1772 | D:2      | Reached XP level 4. HP: 32/32 MP: 5/8
  1843 | D:2      | Noticed Robin
  1852 | D:2      | Killed Robin
  2334 | D:3      | Noticed Jessica
  2338 | D:3      | Killed Jessica
  2507 | D:3      | Gained mutation: You regenerate magic rapidly. [demonic
                  | ancestry]
  2507 | D:3      | Reached XP level 5. HP: 38/38 MP: 7/10
  3465 | D:4      | Found a blossoming altar of Fedhas.
  3506 | D:4      | Found Xodwex's Assorted Antiques.
  3510 | D:4      | Bought a scroll labelled DOERUO SOFEXKA for 22 gold pieces
  3510 | D:4      | Bought a scroll labelled ENUQEIROVI for 22 gold pieces
  3510 | D:4      | Bought a sedimented sapphire potion for 19 gold pieces
  3510 | D:4      | Bought a bubbling green potion for 19 gold pieces
  3589 | D:4      | Found Qooloj's General Store.
  3596 | D:4      | Reached XP level 6. HP: 46/46 MP: 8/12
  3604 | D:4      | Bought 2 scrolls of fear for 80 gold pieces
  3604 | D:4      | Bought a scroll of vulnerability for 40 gold pieces
  3670 | D:4      | Reached skill level 5 in Conjurations
  4068 | D:5      | Entered Level 5 of the Dungeon
  4068 | D:5      | Found Povut's Book Emporium.
  4213 | D:5      | Found Wurch's Distillery.
  4214 | D:5      | Noticed Eustachio
  4225 | D:5      | Killed Eustachio
  4226 | D:5      | Reached skill level 5 in Spellcasting
  4306 | D:5      | Noticed Menkaure
  4313 | D:5      | Learned a level 4 spell: Fulminant Prism
  4321 | D:5      | Killed Menkaure
  4322 | D:5      | Gained mutation: When hurt, damage is shared between your
                  | health and your magic reserves. [demonic ancestry]
  4322 | D:5      | Reached XP level 7. HP: 28/52 MP: 6/15
  4470 | D:5      | Noticed Duvessa
  4472 | D:5      | Noticed Dowan
  4495 | D:5      | Killed Duvessa
  4501 | D:5      | Killed Dowan
  4833 | D:5      | Noticed Ijyb
  4843 | D:5      | Killed Ijyb
  4899 | D:5      | Found Lurozi's Assorted Antiques.
  5019 | D:5      | Found Yhiuq's Antique Armour Shoppe.
  5033 | D:5      | Gained mutation: You have a tail ending in a sharp stinger.
                  | [demonic ancestry]
  5033 | D:5      | Reached XP level 8. HP: 61/61 MP: 11/17
  5114 | D:5      | Found Zutydwae's Antique Weapon Boutique.
  5400 | D:6      | Noticed Edmund
  5406 | D:6      | Killed Edmund
  5709 | D:6      | Reached skill level 5 in Fighting
  5873 | D:6      | Found a staircase to the Ecumenical Temple.
  5903 | Temple   | Entered the Ecumenical Temple
  6574 | D:7      | Reached XP level 9. HP: 50/69 MP: 6/21
  6828 | D:7      | Identified the +0 pair of boots of Valour {Int+3}
  6891 | D:7      | Learned a level 4 spell: Iskenderun's Mystic Blast
  7134 | D:7      | Found a hazy altar of Hepliaklqana.
  7134 | D:7      | Found a bloodstained altar of Trog.
  7134 | D:7      | Found a sacrificial altar of Ru.
  7425 | D:8      | Found an iron altar of Okawaru.
  7489 | D:8      | Found an opulent altar of Gozag.
  7498 | D:8      | Became a worshipper of Gozag Ym Sagoz the Greedy
  7539 | D:8      | Noticed Pikel
  7546 | D:8      | Killed Pikel
  7634 | D:8      | Found an ancient bone altar of Kikubaaqudgha.
  7955 | D:8      | Reached XP level 10. HP: 73/79 MP: 23/23
  8156 | D:8      | Reached skill level 10 in Spellcasting
  8159 | D:8      | Noticed a cyclops
  8169 | D:8      | Killed a cyclops
  8236 | D:8      | Identified the dragon-blood talisman of the Known World
                  | {rElec}
  8236 | D:8      | Identified the +9 triple sword "Diats" {venom, Str+6 SInv}
  8324 | D:8      | Found Jamn's Serpentskin Sales.
  8369 | D:8      | Found a hide-covered altar of Uskayaw.
  8372 | D:8      | Reached skill level 1 in Long Blades
  8448 | D:8      | Identified the +0 robe of the Quahog {-Cast Regen+ Str+8
                  | Int-2}
  8822 | D:9      | Found a staircase to the Lair.
  8898 | D:9      | Gained mutation: Your demonic aura often causes spilled
                  | blood to erupt in flames. [demonic ancestry]
  8898 | D:9      | Reached XP level 11. HP: 38/86 MP: 11/26
  9159 | D:9      | Reached skill level 10 in Conjurations
  9729 | D:9      | Noticed an obsidian statue
  9751 | D:9      | Found a sparkling altar of Nemelex Xobeh.
 10734 | D:5      | Bought a book of the Spheres for 768 gold pieces
 10740 | D:5      | Learned a level 5 spell: Iskenderun's Battlesphere
 10745 | D:5      | Learned a level 4 spell: Brom's Barrelling Boulder
 10751 | D:5      | Learned a level 5 spell: Fireball
 10798 | D:5      | Bought a potion of curing for 39 gold pieces
 10798 | D:5      | Bought a potion of heal wounds for 65 gold pieces
 10798 | D:5      | Bought a potion of heal wounds for 65 gold pieces
 10913 | D:10     | Entered Level 10 of the Dungeon
 11779 | D:11     | Noticed a deep elf pyromancer
 11784 | D:11     | Killed a deep elf pyromancer
 11838 | D:11     | Noticed a two-headed ogre
 11843 | D:11     | Killed a two-headed ogre
 11905 | D:11     | Found a staircase to the Orcish Mines.
 11913 | D:11     | Found Ubasor's Armour Shoppe.
 11913 | D:11     | Noticed a two-headed ogre
 11917 | D:11     | Killed a two-headed ogre
 11993 | D:11     | Found Lelokiuf's Distillery.
 11998 | D:11     | Bought a potion of curing for 51 gold pieces
 11998 | D:11     | Bought a potion of curing for 51 gold pieces
 11998 | D:11     | Bought a potion of haste for 170 gold pieces
 11998 | D:11     | Bought a potion of mutation for 136 gold pieces
 11998 | D:11     | Bought a potion of might for 68 gold pieces
 12122 | D:11     | Found an ancient bone altar of Kikubaaqudgha.
 12442 | D:12     | Noticed a two-headed ogre
 12445 | D:12     | Killed a two-headed ogre
 12552 | D:12     | Noticed a two-headed ogre
 12560 | D:12     | Killed a two-headed ogre
 12561 | D:12     | Gained mutation: You have a sharp stinger which inflicts
                  | weakening toxins. [demonic ancestry]
 12561 | D:12     | Reached XP level 12. HP: 62/95 MP: 8/28
 13121 | D:12     | Noticed a centaur warrior
 13127 | D:12     | Killed a centaur warrior
 13319 | D:12     | Reached skill level 5 in Long Blades
 13995 | D:11     | Bought a potion of brilliance for 68 gold pieces
 13995 | D:11     | Bought a potion of curing for 51 gold pieces
 14118 | D:5      | Bought a scroll labelled LIR VAUFU for 31 gold pieces
 14118 | D:5      | Bought a potion of curing for 93 gold pieces
 14118 | D:5      | Bought a potion of heal wounds for 155 gold pieces
 14158 | D:5      | Bought a potion of haste for 130 gold pieces
 14264 | Lair:1   | Entered Level 1 of the Lair of Beasts
 14952 | Lair:1   | Found a one-way gate to the infinite horrors of the Abyss.
 14952 | Lair:1   | Noticed Valakon2's ghost (novice MiFi)
 14965 | Lair:1   | Found a transporter.
 15028 | Lair:1   | Found a transporter.
 15052 | Lair:1   | Reached skill level 10 in Fighting
 15812 | Lair:2   | Gained mutation: Your demonic aura causes all spilled blood
                  | to erupt in flames. [demonic ancestry]
 15812 | Lair:2   | Reached XP level 13. HP: 103/103 MP: 22/30
 15901 | Lair:2   | Noticed Amaemon
 15916 | Lair:2   | Killed Amaemon
 16585 | Lair:2   | Identified the +6 whip of the Other Side {distort, rC+
                  | Stlth+}
 16728 | Lair:2   | Found a hole to the Spider Nest.
 17185 | Lair:3   | Found a frozen archway.
 17216 | IceCv    | Entered an ice cave
 18613 | IceCv    | Identified the amulet "Hoxyl" {Acrobat Dex+4}
 19136 | Lair:3   | Found a staircase to the Shoals.
 19647 | D:4      | Bought a pair of embroidered gloves for 165 gold pieces
 19683 | D:4      | Bought a scroll of identify for 20 gold pieces
 19759 | D:8      | Bought a scroll of poison for 52 gold pieces
 19759 | D:8      | Bought a scroll of poison for 52 gold pieces
 19855 | D:5      | Bought a potion of brilliance for 52 gold pieces
 19855 | D:5      | Bought a potion of berserk rage for 65 gold pieces
 19895 | D:5      | Bought a scroll of immolation for 124 gold pieces
 19895 | D:5      | Bought a potion of brilliance for 124 gold pieces
 20404 | Lair:4   | Gained mutation: You are mostly covered in large bone
                  | plates. (SH +6) [demonic ancestry]
 20404 | Lair:4   | Reached XP level 14. HP: 113/113 MP: 20/32
 21272 | Lair:4   | Learned a level 7 spell: Orb of Destruction
 21286 | Lair:5   | Entered Level 5 of the Lair of Beasts
 21904 | Lair:5   | Reached skill level 15 in Spellcasting
 21990 | Lair:5   | Reached skill level 15 in Conjurations
 22101 | Lair:5   | Identified the +9 sling of Linearity {flame, Dex+3}
 22110 | Lair:5   | Identified the +10 trident of Leoweg {drain, rC+ Str+2
                  | Int+3}
 22614 | Lair:5   | Found a runed translucent door.
 22618 | Lair:5   | Found a staircase to the Slime Pits.
 22618 | Lair:5   | Noticed an acid blob
 22619 | Lair:5   | Noticed an acid blob
 23048 | Orc:1    | Entered Level 1 of the Orcish Mines
 23293 | Orc:2    | Entered Level 2 of the Orcish Mines
 23293 | Orc:2    | Found Qoptoim's Assorted Antiques.
 23820 | Orc:2    | Gained mutation: You are completely covered in large bone
                  | plates. (SH +8) [demonic ancestry]
 23820 | Orc:2    | Reached XP level 15. HP: 112/120 MP: 24/34
 24411 | Orc:2    | Found Demmoj's Weapon Shop.
 24417 | Orc:2    | Bought a potion of haste for 190 gold pieces
 24417 | Orc:2    | Bought a potion of lignification for 57 gold pieces
 24417 | Orc:2    | Bought a scroll of fog for 76 gold pieces
 24419 | Orc:2    | Found Budiphe's Antique Weapon Shoppe.
 24420 | Orc:2    | Found Suzuruh's Antique Weapon Emporium.
 24579 | Orc:2    | Found a staircase to the Elven Halls.
 25349 | D:13     | Found a gate leading to a gauntlet.
 25379 | Gauntlet | Entered a Gauntlet
 25379 | Gauntlet | Found a transporter.
 25387 | Gauntlet | Found a transporter.
 25389 | Gauntlet | Found a transporter.
 25391 | Gauntlet | Found a transporter.
 25406 | Gauntlet | Found a transporter.
 25422 | Gauntlet | Found a transporter.
 25430 | Gauntlet | Found a transporter.
 25445 | Gauntlet | Found a transporter.
 25464 | Gauntlet | Found a transporter.
 25476 | Gauntlet | Found a transporter.
 25490 | Gauntlet | Found a transporter.
 25495 | Gauntlet | Found a transporter.
 25514 | Gauntlet | Found a transporter.
 25520 | Gauntlet | Found a transporter.
 25522 | Gauntlet | Found a transporter.
 25545 | Gauntlet | Found a transporter.
 25550 | Gauntlet | Found a transporter.
 25600 | Gauntlet | Found a transporter.
 26100 | Gauntlet | Identified the +3 sling of Putrescence {antimagic, rElec
                  | rPois rC- Dex+2}
 26133 | Gauntlet | Identified the +10 flail "Xushruorph" {speed, Will++ SInv}
 26201 | Gauntlet | Identified the +3 glaive "Lioraneg" {speed, rCorr SInv}
 27444 | D:14     | Found a broken altar of Ashenzari.
 27996 | D:14     | Found a gate to the Vaults.
 28464 | D:14     | Reached XP level 16. HP: 111/129 MP: 24/36
 28541 | D:15     | Entered Level 15 of the Dungeon
 28733 | D:15     | Found a staircase to the Depths.
 29562 | D:15     | Identified the +3 hand axe of Entaokuw {pain, rF+ MP+9}
 29995 | Shoals:1 | Entered Level 1 of the Shoals
 30795 | Shoals:1 | Reached skill level 10 in Long Blades
 31501 | Shoals:2 | Identified the +3 morningstar "Ogo Yhid" {drain, *Noise
                  | *Corrode Int+8 SInv}
 31501 | Shoals:2 | HP: 5/131 [wind drake/the air (7)]
 34182 | Shoals:4 | Entered Level 4 of the Shoals
 34182 | Shoals:4 | Found the +3 salamander hide armour {Flames, rFlCloud rF++
                  | rC--}
 34375 | Shoals:4 | Reached XP level 17. HP: 137/137 MP: 32/38
 34966 | Shoals:4 | Identified the +0 ring mail of Gomnui {+Inv Int+2}
 36323 | Shoals:4 | Demolished by an apis

Illustrated notes

Levels and vault maps discovered:
D:1:      reono_arrival_forest_river, layout_loops_ring, serial_forest,
          infiniplex_forest_lined_1, infiniplex_forest_clump_C,
          infiniplex_forest_clump_small, infiniplex_forest_diagonal,
          infiniplex_forest_end_2, infiniplex_forest_corner_2,
          ebering_ecumenical_altar_box, serial_shops, nicolae_book_shop_shelving
D:2:      minmay_chambers_of_twos, layout_loops_ring, uniq_robin
D:3:      layout_basic, lemuel_tele_altar, uniq_jessica
D:4:      layout_loops_corners, mainiacjoe_overflow_brackets, serial_shops,
          nicolae_shop_crystal, nicolae_shop_just_a_little_nook
D:5:      layout_loops_ring, serial_shops, nicolae_shop_waterfront,
          nicolae_shop_gibbet_a_chance, nicolae_shop_advertising_works
          [nicolae_subvault_shop_adworks], kennysheep_mini, shop, uniq_duvessa,
          uniq_menkaure, uniq_ijyb, uniq_eustachio
D:6:      corexii_shack_village, layout_rooms, minmay_temple_entry_mist,
          dk_noncrumbling_4, uniq_edmund
D:7:      layout_loops_ring, gammafunk_temple_overflow_forgotten, st_stairs_10
D:8:      minmay_the_grid_plus_closed [minmay_the_grid_outer_diamond,
          minmay_the_grid_small_cups, minmay_the_grid_all_tris,
          minmay_the_grid_large_cup, minmay_the_grid_prize_shrinking_boxes],
          layout_loops_ring, mainiacjoe_overflow_cross_hatched,
          mainiacjoe_overflow_catch_the_wave,
          nicolae_gozag_cash_rules_everything_around_me, serial_glass,
          glass_columns_a, glass_columns_b, guppyfry_shop_venom, uniq_pikel
D:9:      layout_loops_ring, mainiacjoe_overflow_catwalk,
          minmay_lair_entry_grove, minivault_15, minivault_8
D:10:     layout_irregular_city, hangedman_fish_farm
D:11:     layout_roguey, orc_david_3, serial_shops, shop,
          nicolae_kikubaaqudgha_miasma_corner
D:12:     layout_loops_ring
D:13:     layout_cave_pools, gauntlet_entry_generic
D:14:     layout_long_grid, hellmonk_vaults_order_and_chaos,
          cheibrodos_ashenzari_chains
D:15:     grunt_enter_depths_giant_problem, layout_rooms, skrybe_limestone_x
Temple:   nicolae_temple_x_marks_the_god
Lair:1:   layout_cave_pods, gammafunk_ghost_abyssal_escape
Lair:2:   layout_long_grid, nicolae_spider_entry_tight_spaces,
          eino_house_with_fridge, uniq_amaemon
Lair:3:   layout_misc_corridors, nicolae_shoals_entry_roost,
          portal_ice_cave_entry_pillars_1
Lair:4:   layout_cave_pods
Lair:5:   gammafunk_lair_ancient_temple, layout_gridlike, slime_entry_2
Shoals:1: layout_shoals, nicolae_shoals_shepherds
Shoals:2: layout_shoals, nicolae_shoals_aquamancer_cove
Shoals:3: layout_shoals
Shoals:4: shoals_end_hellmonk_holy_island
Orc:1:    layout_caves, basic_altar
Orc:2:    st_orc_open, layout_caves, elf_legates

Skill      XL: |  1  2  3  4  5  6  7  8  9 10 11 12 13 14 15 16 17 |
---------------+----------------------------------------------------+-----
Fighting       | 1 2 3 4 5 7 8 9 10 11 12 13 | 13.7
Spellcasting   | 3 4 5 6 8 9 11 12 13 14 15 16 17 18 | 18.0
Conjurations   | 5 6 7 8 9 11 12 14 15 16 18 | 18.4
Long Blades    | 2 4 5 7 8 9 10 | 10.6
Dodging        | |  1.7
Stealth        | |  1.7

Action                     |  1- 3 |  4- 6 |  7- 9 | 10-12 | 13-15 | 16-18 || total
---------------------------+-------+-------+-------+-------+-------+-------++-------
  Melee: Short sword       |    52 |       |       |       |       |       ||    52
         Dagger            |    29 |    29 |   152 |    35 |       |       ||   245
         Punch             |     2 |     1 |     2 |     1 |       |       ||     6
         Tailslap          |     1 |     4 |    26 |    46 |    66 |    27 ||   170
         Triple sword      |       |       |       |   169 |   299 |   145 ||   613
   Cast: Magic Dart        |    62 |   103 |   166 |   247 |   657 |   288 ||  1523
         Searing Ray       |       |     7 |    28 |    23 |    10 |     3 ||    71
         Fulminant Prism   |       |       |     1 |     6 |    13 |    19 ||    39
         Iskenderun's Batt |       |       |       |    29 |    97 |    51 ||   177
         Brom's Barrelling |       |       |       |    22 |    17 |     6 ||    45
         Fireball          |       |       |       |     7 |    53 |    18 ||    78
         Iskenderun's Myst |       |       |       |     5 |     5 |    16 ||    26
         Orb of Destructio |       |       |       |       |     3 |     4 ||     7
  Evoke: Wand              |       |       |       |       |     4 |       ||     4
    Use: Scroll            |       |     7 |     1 |     4 |     7 |     7 ||    26
         Potion            |       |       |     6 |     7 |    11 |     6 ||    30
   Stab: Sleeping          |       |       |       |     2 |     1 |       ||     3
         Distracted        |       |       |       |     3 |     3 |       ||     6
 Armour: Robe              |     6 |    12 |   102 |    66 |       |       ||   186
         Skin              |       |     1 |       |     1 |       |       ||     2
         Leather armour    |       |       |       |   106 |   326 |   314 ||   746
  Dodge: Dodged            |    21 |    25 |   162 |   206 |   335 |   290 ||  1039
  Block: Other             |     4 |     9 |    26 |    55 |    87 |   115 ||   296
